Map: Orbital Shipyard

Players

LilDicky - Winner!

  • Race: Terran Terran
  • League: Diamond

GVOLPE

  • Race: Zerg Zerg
  • League: Platinum

VOD

http://www.twitch.tv/tumescentpie

Description

Time

  • Played on: Nov. 24, 2015, 6:49 p.m.
  • Length: 18:43
Show
View Real Time Build Order
Export as new Build Order

LilDicky Terran - Winner!

Build Orders: Reaper Expand, Mech 

Get SALT Encoding   

  12  0:01  SCV  
  13  0:13  SCV  
  14  0:18  Supply Depot  
  14  0:25  SCV  
  15  0:30  Refinery  
  15  0:39  SCV  
  16  0:44  Barracks  
  16  0:52  SCV  
  17  1:04  SCV  
  18  1:18  SCV  
  19  1:32  Reaper  
  20  1:33  Orbital Command  
  20  1:46  Command Center  
  20  1:58  Supply Depot  
  20  2:00  SCV  
  21  2:04  Reaper  
  22  2:09  Refinery  
  22  2:12  SCV  
  23  2:22  Factory  
  23  2:26  SCV  
  24  2:45  Barracks Reactor  
  24  2:49  SCV  
  25  3:12  Starport  
  25  3:13  SCV  
  25  3:15  Orbital Command  
  26  3:21  Command Center  
  26  3:26  SCV  
  27  3:41  SCV  
  27  3:42  SCV  
  27  3:44  Hellion x2  
  33  3:50  Barracks Reactor  
  33  3:54  Starport Tech Lab  
  33  3:55  SCV, Starport  
  34  3:58  SCV  
  34  3:59  Refinery  
  34  4:01  Refinery  
  35  4:07  SCV  
  35  4:08  Hellion  
  35  4:09  Hellion  
  40  4:13  SCV  
  41  4:21  Banshee, Cloaking Field  
  44  4:25  SCV  
  44  4:27  SCV  
  46  4:40  Starport Reactor  
  46  4:41  Orbital Command  
  46  4:42  SCV, Marine  
  46  4:44  Marine  
  49  4:46  Widow Mine x2  
  49  4:47  SCV  
  54  4:54  SCV  
  54  4:57  Orbital Command  
  55  5:04  SCV  
  56  5:07  Command Center  
  56  5:10  SCV  
  57  5:22  SCV  
  57  5:23  SCV  
  59  5:29  SCV  
  59  5:35  SCV  
  61  5:38  Supply Depot  
  61  5:39  Supply Depot  
  61  5:40  Refinery  
  61  5:42  Liberator x2  
  61  5:49  Refinery  
  61  5:57  SCV x3  
  61  6:00  Banshee, Hellion  
  61  6:01  Hellion  
  74  6:09  SCV x2  
  74  6:10  SCV  
  77  6:18  Armory  
  77  6:19  Factory  
  77  6:20  Armory, Factory, Marine  
  77  6:21  Hellion  
  77  6:22  SCV, Hellion  
  77  6:23  SCV x2  
  85  6:36  SCV  
  85  6:38  Marine x2  
  88  6:46  Banshee  
  91  6:48  Viking x2  
  91  6:51  SCV x2  
  88  7:03  SCV x3  
  75  7:15  SCV  
  76  7:21  SCV x2  
  78  7:24  Hellion x2  
  78  7:25  Factory Tech Lab x2  
  78  7:27  SCV  
  81  7:33  SCV  
  78  7:37  Liberator  
  74  7:45  Infernal Pre-Igniter  
  74  7:46  Hellion  
  74  7:47  Siege Tank  
  74  7:48  Siege Tank  
  74  7:51  SCV  
  79  7:53  Banshee  
  85  8:01  Hellion  
  85  8:02  Marine  
  85  8:03  SCV x2, Marine  
  91  8:06  Terran Vehicle And Ship Armor Level 1  
  91  8:07  Hellion, Terran Ship Weapons Level 1  
  91  8:10  SCV  
  94  8:17  SCV  
  95  8:20  Siege Tank, Marine  
  95  8:21  SCV, Engineering Bay  
  100  8:33  SCV  
  100  8:50  Planetary Fortress  
  100  8:53  Missile Turret  
  100  9:12  Supply Depot, Liberator  
  100  9:13  Supply Depot  
  100  9:14  Supply Depot  
  100  9:16  Supply Depot  
  100  9:17  Liberator  
  100  9:20  Hi-Sec Auto Tracking  
  100  9:29  SCV  
  100  9:30  Hellion x2  
  108  9:33  SCV  
  108  9:34  SCV, Hellion, Thor  
  108  9:35  Banshee  
  124  9:41  SCV  
  125  9:46  SCV, Refinery  
  126  9:55  Refinery, Siege Tank  
  126  9:56  Supply Depot  
  126  9:58  Liberator  
  126  9:59  Supply Depot, Missile Turret  
  129  10:05  SCV  
  130  10:07  Hellion x2  
  130  10:11  Liberator  
  130  10:12  SCV  
  135  10:18  Siege Tank  
  141  10:26  Banshee  
  141  10:27  Siege Tank  
  150  10:28  SCV  
  150  10:29  SCV, Hellion x2  
  156  10:39  SCV  
  155  10:59  Supply Depot, Missile Turret  
  155  11:01  Missile Turret  
  155  11:02  Missile Turret  
  155  11:04  Missile Turret  
  155  11:08  Terran Ship Weapons Level 2, Terran Vehicle And Ship Armor Level 2  
  155  11:11  Missile Turret  
  155  11:12  Missile Turret  
  155  11:14  Supply Depot x2  
  155  11:17  Supply Depot  
  155  11:18  Liberator  
  155  11:19  Missile Turret  
  155  11:22  Command Center  
  155  11:24  Command Center  
  155  11:28  SCV  
  155  11:31  Missile Turret  
  156  11:33  Liberator  
  156  11:34  Missile Turret  
  156  11:35  SCV, Siege Tank, Widow Mine x2  
  156  11:36  SCV, Siege Tank  
  171  11:42  Supply Depot  
  171  11:43  Supply Depot  
  171  11:44  Supply Depot, Missile Turret  
  171  11:51  Corvid Reactor  
  171  11:53  Banshee  
  177  11:56  Fusion Core  
  177  12:00  Missile Turret x2  
  177  12:03  Missile Turret  
  177  12:07  Siege Tank  
  177  12:08  Thor  
  167  12:31  Liberator  
  167  12:36  SCV  
  168  12:40  Planetary Fortress x2  
  168  12:42  Command Center, SCV x2  
  168  12:44  Banshee, Hellion x2  
  174  12:46  Viking  
  122  13:43  Hellion  
  122  13:44  Hellion x3  
  130  13:51  Factory  
  130  13:52  Factory x2  
  130  13:58  Orbital Command  
  130  14:05  Command Center, Hellion x2  
  131  14:11  Hellion x2  
  131  14:14  Supply Depot  
  131  14:15  Supply Depot  
  123  14:41  Hellion x3  
  123  14:42  Hellion  
  123  14:45  Hellion x3  
  128  14:47  SCV  
  120  15:03  Hellion x4  
  128  15:09  Liberator  
  128  15:16  Orbital Command  
  128  15:20  Hellion x3  
  134  15:22  Refinery  
  134  15:23  Banshee  
  134  15:24  Hellion x3  
  134  15:25  Viking  
  148  15:29  Refinery  
  148  15:30  Behemoth Reactor  
  148  15:32  Terran Vehicle And Ship Armor Level 3, Terran Ship Weapons Level 3  
  148  15:38  Starport  
  148  15:39  Missile Turret  
  148  15:41  Planetary Fortress, Missile Turret x2  
  148  15:43  Missile Turret  
  148  15:44  Refinery, Missile Turret  
  148  15:55  Factory Tech Lab x2  
  148  15:57  Factory Tech Lab  
  148  16:05  Starport  
  148  16:12  Command Center  
  148  16:14  Hellion x2, Orbital Command  
  136  16:36  Command Center  
  136  16:37  Refinery  
  136  16:41  Banshee  
  136  16:42  Starport Tech Lab  
  136  16:44  Siege Tank x2  
  136  16:45  Thor x2, Siege Tank  
  159  17:10  SCV x3  
  162  17:16  Thor  
  162  17:21  Hellion, Siege Tank  
  162  17:22  Thor  
  179  17:28  Thor x2  
  186  18:03  Hellion x2, Siege Tank x2  
Show
View Real Time Build Order
Export as new Build Order

GVOLPE Zerg 

Build Orders: Hatch First 

Get SALT Encoding   

  12  0:00  Drone  
  13  0:10  Drone  
  14  0:35  Hatchery  
  13  0:38  Drone  
  14  0:53  Spawning Pool  
  13  1:00  Overlord  
  13  1:05  Drone  
  13  1:10  Extractor  
  13  1:12  Drone  
  14  1:25  Drone x2  
  16  1:33  Drone  
  17  1:40  Queen  
  17  1:46  Queen  
  21  1:49  Drone  
  21  1:54  Drone  
  23  1:58  Drone  
  24  2:03  Drone  
  25  2:09  Overlord  
  25  2:12  Zergling x2  
  26  2:21  Drone  
  27  2:27  Drone, Queen  
  31  2:37  Drone x2  
  32  2:54  Drone x3  
  32  2:55  Drone  
  36  3:04  Metabolic Boost  
  35  3:14  Drone  
  35  3:15  Overlord x2  
  35  3:18  Extractor  
  35  3:22  Baneling Nest, Queen  
  36  3:27  Extractor  
  36  3:32  Spine Crawler  
  34  3:40  Queen  
  36  3:42  Zergling x4  
  36  3:43  Drone  
  36  3:44  Drone x3  
  36  3:45  Drone  
  44  3:55  Drone x2  
  44  3:56  Drone x3  
  48  4:05  Evolution Chamber  
  47  4:22  Zergling x2  
  47  4:23  Zergling x8  
  52  4:32  Overlord  
  52  4:33  Overlord x2  
  52  4:40  Overlord x2  
  52  4:43  Zerg Melee Weapons Level 1  
  52  4:46  Lair  
  52  4:52  Evolution Chamber  
  51  5:00  Zergling x2  
  51  5:01  Zergling x10  
  53  5:17  Zergling x10  
  55  5:32  Zerg Ground Armor Level 1  
  55  5:37  Zergling x8  
  59  5:44  Overseer  
  59  5:49  Spore Crawler  
  56  5:51  Spore Crawler  
  54  6:07  Zergling x16  
  62  6:14  Hydralisk Den  
  61  6:21  Hatchery  
  61  6:24  Zergling x2  
  61  6:25  Zergling x4  
  63  6:29  Baneling  
  63  6:30  Baneling x7  
  63  6:31  Baneling  
  63  6:32  Baneling x3  
  63  6:36  Zergling x2  
  63  6:37  Zergling x2  
  44  7:15  Drone  
  44  7:16  Drone x10  
  44  7:17  Spire  
  50  7:48  Drone x4  
  54  7:52  Extractor  
  54  7:53  Extractor  
  54  7:54  Extractor  
  54  7:57  Drone x2  
  53  8:07  Drone x2  
  55  8:21  Zerg Ground Armor Level 2  
  55  8:23  Roach Warren  
  55  8:24  Zerg Missile Weapons Level 1  
  49  8:35  Mutalisk x4  
  49  8:39  Drone x2  
  59  8:45  Drone  
  59  8:46  Drone  
  59  8:48  Drone x7  
  65  8:52  Drone  
  69  8:56  Zerg Flyer Weapons Level 1  
  69  9:00  Drone x5  
  74  9:18  Roach x6  
  74  9:19  Glial Reconstitution  
  74  9:21  Muscular Augments  
  86  9:34  Roach x4  
  86  9:35  Roach x2  
  86  9:36  Overlord x2  
  86  9:37  Overlord x3  
  98  9:49  Overlord x3  
  98  9:50  Overlord  
  98  9:55  Spore Crawler  
  98  9:57  Drone x2, Spore Crawler  
  98  9:59  Hatchery  
  97  10:02  Ravager x5  
  97  10:03  Ravager  
  97  10:04  Roach  
  97  10:05  Roach x2  
  109  10:08  Zergling x2  
  109  10:09  Zergling x8  
  109  10:13  Zergling x8  
  118  10:21  Infestation Pit  
  118  10:25  Roach x3  
  123  10:29  Zerg Missile Weapons Level 2  
  117  10:51  Roach  
  117  10:52  Roach x11  
  141  11:08  Ravager  
  141  11:10  Ravager x2  
  144  11:12  Zergling x2  
  144  11:13  Zergling x14  
  152  11:29  Zerg Melee Weapons Level 2  
  152  11:35  Hatchery  
  151  11:42  Roach x9  
  169  11:47  Hydralisk x3  
  133  12:28  Hydralisk  
  133  12:29  Hydralisk x10  
  142  12:43  Spore Crawler  
  141  12:46  Hydralisk x5  
  151  13:00  Hydralisk x3  
  112  13:27  Zergling x4  
  112  13:28  Zergling x26  
  119  13:38  Corruptor  
  119  13:39  Corruptor x3  
  111  13:52  Corruptor x4  
  104  14:13  Hive, Corruptor  
  104  14:14  Corruptor  
  90  14:45  Corruptor x2  
  90  14:46  Corruptor x2  
  98  14:57  Overseer x2  
  98  14:59  Hatchery  
  97  15:03  Extractor  
  96  15:17  Zergling x20  
  96  15:18  Zergling x16  
  96  15:19  Hatchery  
  113  15:28  Greater Spire  
  113  15:31  Corruptor x2  
  113  15:32  Corruptor  
  119  15:47  Corruptor  
  121  15:57  Overlord, Corruptor  
  121  15:58  Overlord x4  
  121  15:59  Zergling x2  
  124  16:10  Corruptor  
  126  16:40  Brood Lord x2  
  126  16:46  Extractor  
  129  16:47  Extractor  
  130  16:54  Brood Lord  
  130  17:08  Overseer  
  130  17:18  Spore Crawler, Drone  
  130  17:19  Drone x5  
  130  17:33  Drone x5  
  130  17:34  Drone x3  
  90  18:24  Zergling x2  
  90  18:25  Zergling x40  
  90  18:26  Zergling x2  
Tags
 
Add a new tag
Caveats
  • Supply blocks, unpowered buildings, or Contaminate may cause inaccurate times.
  • Supply counts are checked every 10 seconds.